Zazza, neutral female human Tourist -------------- ------ ----------- |........$...| |>...| |.........| |............| #.....| |.........| ----|---.----- ###|..... |.........-# # ### ----------- # ----|- -------|---# ### # |..........### ## ) # # # ### |.........|### # #d# # ### # ##-..........# # ### @ # # ### # |.........| ###################### # #### # ### |..........##### ---.-.----------# #-------- -|--.-- # |.........|#######...............|# #.......| |......###### -----------# ###|..............|# |......| |.....| #+..............|# |......| |.....| ----------------######-......| |.....| -------- |.<...| ------- Zazza the Rambler Experience level: 1 Strength: 14 Dexterity: 7 Constitution: 16 Intelligence: 14 Wisdom: 8 Charisma: 18 Health: 0(10) Energy: 2(2) Def: 5 Gold: 29 Moves: 4859 Dungeon seed: 2AGct7yKSZwWjiq_ Game ID: Zazza_1619199533 Your Inventory: Coins $ - 29 gold pieces Weapons a - 40 +2 darts p - a +5 orcish dagger named bim (weapon in hand) K - a blessed +0 dart Armor e - an uncursed +0 Hawaiian shirt (being worn) n - an uncursed +0 pair of kicking boots (being worn) r - an uncursed +0 orcish helm (being worn) W - an uncursed +0 cloak of protection (being worn) Comestibles c - 6 uncursed food rations d - 2 uncursed tripe rations f - an uncursed egg h - 3 uncursed slime molds x - an uncursed clove of garlic F - 2 uncursed pears G - 2 uncursed eggs Scrolls j - an uncursed scroll of magic mapping L - a cursed scroll of destroy armor M - an uncursed scroll of teleportation Potions i - 3 uncursed potions of extra healing Rings C - a blessed +1 ring of gain constitution (on left hand) Tools k - an uncursed lock pick l - an expensive camera (0:54) Spells and supernatural/magical abilities: Name Level Category Fail Memory W - pray for help -- divine ? -- Your skills at the end: Fighting Skills Weapon Skills dart [Basic] Spellcasting Skills Final Attributes: You were nominally aligned. You were telepathic. You were protected. You are dead. Vanquished creatures: a small mimic a straw golem 2 floating eyes a homunculus a kobold shaman 2 iguanas 4 coyotes 2 gas spores a hobbit 2 hobgoblins a cave spider a brown mold a yellow mold a red mold 2 garter snakes a gnome zombie 3 geckos 9 jackals a fox 2 kobolds a goblin 16 grid bugs 2 lichens 2 kobold zombies 8 newts 68 creatures vanquished. Voluntary challenges: You had been an atheist until turn 3233. You never hit with a wielded weapon. You read items or engraved 9 times, starting on turn 69. You never genocided any monsters. You never polymorphed an object. You never changed form. You used no wishes. You never split a pudding. You wrote Elbereth's name 2 times, starting on turn 2228. You never violated your personal moral code. Dungeon overview: The Dungeons of Doom: levels 1 to 7 Level 1 some fountains a long staircase Level 2 a general store, some fountains stairs to The Gnomish Mines Level 3 Level 4 an armor shop Level 5 Level 6 an altar to Offler, a fountain Level 7 <- You were here The Gnomish Mines: Level 3 stairs to The Dungeons of Doom History has recorded: On T:1 you entered the Dungeons of Doom to retrieve the Amulet of Yendor! On T:249 you reached level 2 of The Dungeons of Doom. On T:1054 you reached level 3 of The Dungeons of Doom. On T:1556 you reached level 1 of The Gnomish Mines. On T:1677 you reached level 4 of The Dungeons of Doom. On T:2017 you reached level 5 of The Dungeons of Doom. On T:2259 you reached level 6 of The Dungeons of Doom. On T:3785 you reached level 7 of The Dungeons of Doom. Score breakdown: Gold: 0 ( 0 points) Experience: 1 level ( 0 points) Exploration: 7 levels ( 14.00%) (10497 points) Discoveries: 9 items ( 3.02%) ( 5213 points) Valuables value: (no points given unless you survive) Artifact value: 0 ( 0 points) Variety of kills: 25 monsters ( 6.56%) ( 7684 points) Turncount: 4859 turns (-1312 points) Survival: died (score multiplied by 80%) Total score: 17665 Latest messages: The door opens. This door is locked. Ouch! You bump into a door. You succeed in picking the lock. The door opens. Armand bites the straw golem. The straw golem hits Armand. The straw golem misses Armand. Armand bites the straw golem. (2x) The straw golem misses Armand. The straw golem hits Armand. You hear some noises in the distance. You hear some noises. You hear some noises in the distance. M - a scroll labeled TEMOV. You see here a long poleaxe. The little dog bites! (2x) You die... Final status: Aloha Zazza the Tourist, killed by a little dog... You died in The Dungeons of Doom on dungeon level 7 with 17665 points, and 29 pieces of gold, after 4859 moves. You were level 1 with a maximum of 10 hit points when you died.